AoeStats
← [PSCH] R!ce

Arena

508666641Analyzed
2v2 RM · 9d ago on Sep 23, 2026· 59m 10s· 4 players
Game mode
Random Map
Map size
Medium (4 player)
Population
200
Speed
Normal
Resources
Standard
Victory
Conquest
Starting age
Dark Age
Ending age
Imperial Age
RankedLock teamsTeams togetherTeam positionsShared explorationLock speedFull tech treeHidden civsTurbo modeCheats
Victory
Defeat
🇦🇷 Burgundians · Argentina
1364
+20
1281
+23
🇨🇭 Danes · Switzerland
1456
-22
🇨🇭 Varangians · Switzerland
1432
-21
youtube.com/@Radio_Latex
8:41 Loom
11:32 Feudal Age
15:50 Castle Age
13:54 Horse Collar
14:46 Double-Bit Axe
17:24 Bow Saw
24:15 Wheelbarrow
24:24 Heavy Plow
25:30 Loom
25:37 Town Watch
26:39 Hand Cart
29:28 Imperial Age
27:08 Stone Mining
27:11 Gold Mining
28:34 Forging
29:42 Town Patrol
29:34 Treadmill Crane
30:38 Conscription
30:59 Stone Shaft Mining
30:29 Elite Jarl
33:19 Iron Casting
32:49 Scale Barding Armor
32:58 Bloodlines
32:49 Husbandry
34:28 Masonry
35:20 Chemistry
35:47 Chain Barding Armor
36:37 Blast Furnace
35:52 Cavalier
36:14 Vendel Legacy
37:25 Squires
37:31 Arson
37:11 Elite Varangian Guard
38:09 Pikeman
40:31 Two-Man Saw
41:30 Architecture
42:15 Plate Barding Armor
42:30 Crop Rotation
49:28 Caravan
49:39 Guilds
51:32 Light Cavalry
53:26 Halberdier
57:20 Hussar
阿立
2:53 Double-Bit Axe
11:09 Feudal Age
15:21 Castle Age
13:35 Bow Saw
13:38 Gold Mining
15:01 Gold Shaft Mining
16:10 Horse Collar
16:45 Squires
19:16 Heavy Plow
20:26 Two-Man Saw
22:06 Wheelbarrow
21:19 Town Watch
22:17 Crop Rotation
24:06 Hand Cart
25:42 Stone Mining
25:53 Loom
29:23 Imperial Age
27:33 Stone Shaft Mining
27:50 Scale Mail Armor
28:32 Forging
28:53 Chain Mail Armor
29:28 Capped Ram
30:52 Plate Mail Armor
31:20 Iron Casting
33:36 Chemistry
34:01 Conscription
35:21 Padded Archer Armor
36:38 Ballistics
36:37 Leather Archer Armor
36:14 Fletching
37:10 Masonry
37:12 Fortified Wall
39:19 Bodkin Arrow
45:21 Architecture
46:44 Town Patrol
49:15 Scale Barding Armor
50:10 Blast Furnace
49:11 Bracer
53:02 Chain Barding Armor
53:35 Treadmill Crane
54:05 Elite Coustillier
55:25 Plate Barding Armor
57:15 Burgundian Vineyards
[PSCH] R!ce
10:39 Feudal Age
11:43 Loom
14:46 Castle Age
14:01 Double-Bit Axe
16:12 Bow Saw
21:26 Horse Collar
23:00 Wheelbarrow
29:00 Imperial Age
27:18 Heavy Plow
27:45 Scale Barding Armor
27:50 Forging
27:57 Bloodlines
29:26 Cavalier
30:28 Chain Barding Armor
30:58 Iron Casting
31:54 Vendel Legacy
33:33 Caravan
35:45 Plate Barding Armor
36:11 Blast Furnace
35:26 Elite Jarl
37:16 Husbandry
36:39 Gothikon
44:21 Fletching
54:07 Hand Cart
54:43 Light Cavalry
58:14 Bodkin Arrow
LasenLaBambele
10:49 Feudal Age
14:12 Castle Age
12:26 Double-Bit Axe
12:44 Horse Collar
15:39 Wheelbarrow
15:30 Bow Saw
16:00 Heavy Plow
18:12 Town Watch
23:49 Gold Mining
26:35 Hand Cart
30:03 Imperial Age
27:42 Squires
27:58 Scale Mail Armor
28:09 Forging
28:28 Gambesons
30:19 Iron Casting
30:08 Caravan
30:04 Loom
30:04 Elite Varangian Guard
31:01 Chain Mail Armor
30:10 Capped Ram
32:42 Conscription
32:10 Hamask
34:27 Onager
35:42 Plate Mail Armor
36:43 Blast Furnace
35:47 Fletching
36:11 Siege Ram
37:06 Arson
37:58 Siege Onager
38:34 Elite Jomsviking
41:51 Chemistry
41:01 Bodkin Arrow
42:52 Masonry
44:51 Bracer
Connection lost

Rejoining the realm…

Still unreachable

The connection could not be restored.

Session expired

The server has moved on; the page needs a fresh start.